 Dungeon Crawl Stone Soup version 0.21.0-24-g2553a33 (webtiles) character file.

1508 marrkus the Cleaver (level 8, -18/68 HPs)
             Began as a Deep Dwarf Berserker on Jan 20, 2018.
             Was a Priest of Trog.
             Demolished by a two-headed ogre
             ... wielding a +0 giant spiked club
              (29 damage)
             ... on level 7 of the Dungeon on Jan 21, 2018.
             The game lasted 00:33:32 (4540 turns).

marrkus the Cleaver (Deep Dwarf Berserker)          Turns: 4540, Time: 00:33:32

Health: -18/68     AC: 15    Str: 25    XL:     8   Next: 53%
Magic:  8/8        EV: 10    Int:  8    God:    Trog [***...]
Gold:   258        SH:  0    Dex: 14    Spells: 7/7 levels left

rFire    . . .     SeeInvis +   w - +0 war axe
rCold    . . .     Gourm    .   (no shield)
rNeg     . . .     Faith    .   p - +0 chain mail
rPois    .         Spirit   .   k - +2 helmet
rElec    .         Reflect  .   (no cloak)
rCorr    .         Harm     +   m - +0 pair of gloves
MR       +++..                  (no boots)
Stlth    ..........             n - amulet of harm
HPRegen  1.00/turn              s - +4 ring of strength
MPRegen  0.11/turn              u - ring of see invisible

@: lethally poisoned (-18 -> -18), berserk cooldown, non-regenerating, slowed,
very slow
A: damage resistance, heal wounds, sense surroundings 1, no regeneration
a: Heal Wounds, Berserk, Trog's Hand, Burn Spellbooks, Renounce Religion


You were on level 7 of the Dungeon.
You worshipped Trog.
Trog was most pleased with you.
You were very hungry.

You visited 1 branch of the dungeon, and saw 7 of its levels.

You collected 258 gold pieces.

Inventory:

Hand Weapons
 w - a +0 war axe (weapon)
Missiles
 a - 43 sling bullets
 j - 72 bolts
 x - 101 stones (quivered)
Armour
 k - a +2 helmet (worn)
 m - a +0 pair of gloves (worn)
 p - a +0 chain mail (worn)
Jewellery
 f - an uncursed ring of fire
 n - an amulet of harm (around neck)
 s - a +4 ring of strength (left hand)
 u - a ring of see invisible (right hand)
 A - a +5 ring of intelligence
Wands
 h - a wand of polymorph (25)
 B - a wand of digging (34)
Scrolls
 i - 5 scrolls of remove curse {unknown}
 l - 7 scrolls of identify {unknown}
 o - a scroll of fear {unknown}
 r - 2 scrolls of teleportation {unknown}
 t - 4 scrolls of immolation {unknown}
 v - a scroll of magic mapping {unknown}
 y - a scroll of enchant weapon {unknown}
 z - 2 scrolls of blinking {unknown}
 E - 3 scrolls of amnesia {unknown}
 I - a scroll of brand weapon {unknown}
Potions
 b - a potion of flight {unknown}
 d - a potion of cancellation {unknown}
 e - 2 potions of degeneration {unknown}
 g - 5 potions of berserk rage {unknown}
 q - a potion of heal wounds {unknown}
 D - a potion of lignification {unknown}
 F - 2 potions of haste {unknown}
 G - a potion of brilliance {unknown}
Books
 C - a book of Misfortune

   Spells                             Type                      Level
   a - Confusing Touch                Hexes                        1
   b - Confuse                        Hexes                        3
   c - Gell's Gravitas                Translocation                3
   d - Petrify                        Transmutation/Earth          4
   e - Metabolic Englaciation         Hexes/Ice                    5
   f - Yara's Violent Unravelling     Hexes/Transmutation          5
   Trog disapproves of the use of such an item.
Comestibles
 c - 7 rations
 H - 2 chunks of flesh


   Skills:
 - Level 2.6 Fighting
 + Level 8.9 Axes
 + Level 8.0 Armour
 - Level 3.6 Dodging


You had 7 spell levels left.
You didn't know any spells.

Dungeon Overview and Level Annotations

Branches:
Dungeon (7/15)             Temple (0/1) D:7

Altars:
Hepliaklqana
Nemelex Xobeh
Ru
Trog
Yredelemnul


Innate Abilities, Weirdness & Mutations

You are resistant to damage.
You can heal yourself by infusing magical energy.
You passively map a small area around you.
You do not regenerate.


Message History

You throw a stone.
The stone barely misses the two-headed ogre.
Throwing (i - inventory):
x - 102 stones (quivered)
Press: ? - help, Shift-Dir - straight line, f/p - two-headed ogre
Aim: a two-headed ogre, wielding a giant spiked club and a giant club You throw a stone.
The stone hits the two-headed ogre but does no damage.
You hit the two-headed ogre but do no damage.
The two-headed ogre barely misses you. The two-headed ogre closely misses you.
The two-headed ogre hits you but does no damage.
The two-headed ogre hits you with a giant club!
You slash the two-headed ogre!
The two-headed ogre is moderately wounded.
The two-headed ogre hits you with a giant spiked club!
The two-headed ogre hits you with a giant club!
* * * LOW HITPOINT WARNING * * *
Your chain mail prevents you from hitting the two-headed ogre.
The two-headed ogre is moderately wounded.
The two-headed ogre hits you with a giant spiked club!!
You die... #.. ...... ##..###..#..# * * . ............ , .. ........... , > .., yy......

, .. y....#..#, , * * #.
*#........ ,,, *
.###?.##'################..
..............†+@O(........
...............#†..........
.##...##..###..##..........
#... #.|###..##....(##..%*
...., #...#...######## ,.#
..... ,#...#....# ,# ....
#...#....# * ..##
##..##..## ** , , * +
##..##..#### ,


You could see a two-headed ogre.

Vanquished Creatures
  Eustachio (D:6)
  A phantom (D:4)
  2 sky beasts
  2 ogres
  2 centaurs (D:5)
  A bullfrog (D:6)
  5 killer bees (D:7)
  A howler monkey (D:6)
  A crimson imp (D:5)
  A quasit (D:6)
  A jelly (D:5)
  2 orc wizards
  A centaur skeleton (D:4)
  A worker ant (D:6)
  Robin (D:2)
  7 adders
  4 gnolls (D:3)
  A shadow imp (D:5)
  An ooze (D:2)
  3 adder skeletons
  3 worms
  5 leopard geckos
  10 orcs
  2 giant cockroaches
  12 hobgoblins
  9 jackals
  2 quokkas
  9 bats
  3 frilled lizards
  19 goblins
  3 kobolds
  4 rats
120 creatures vanquished.

Notes
Turn   | Place    | Note
-------+----------+-------------------------------------------
     0 | D:1      | marrkus the Deep Dwarf Berserker began the quest for the Orb.
     0 | D:1      | Reached XP level 1. HP: 20/20 MP: 1/1
   179 | D:1      | Reached XP level 2. HP: 14/27 MP: 2/2
   713 | D:2      | Noticed Robin
   717 | D:2      | Reached ** piety under Trog
   722 | D:2      | Reached XP level 3. HP: 24/33 MP: 3/3
   732 | D:2      | Killed Robin
   753 | D:2      | Found a hazy altar of Hepliaklqana.
   883 | D:2      | Reached XP level 4. HP: 16/40 MP: 4/4
   887 | D:2      | Found a bloodstained altar of Trog.
   888 | D:2      | Found a sacrificial altar of Ru.
  1209 | D:3      | Reached skill level 5 in Axes
  1209 | D:3      | Reached XP level 5. HP: 28/46 MP: 5/5
  1827 | D:3      | Found a basalt altar of Yredelemnul.
  2212 | D:3      | Found a basalt altar of Yredelemnul.
  2289 | D:4      | Noticed a sky beast
  2294 | D:4      | Killed a sky beast
  2294 | D:4      | Reached XP level 6. HP: 55/55 MP: 6/6
  2338 | D:4      | Found a sparkling altar of Nemelex Xobeh.
  2474 | D:4      | Reached skill level 5 in Armour
  2479 | D:4      | Reached *** piety under Trog
  2761 | D:5      | Entered Level 5 of the Dungeon
  2819 | D:5      | Reached XP level 7. HP: 61/61 MP: 7/7
  3655 | D:6      | Noticed Eustachio
  3669 | D:6      | Killed Eustachio
  3669 | D:6      | Reached XP level 8. HP: 48/68 MP: 8/8
  4533 | D:7      | Noticed a two-headed ogre
  4540 | D:7      | Demolished by a two-headed ogre

Skill      XL: |  1  2  3  4  5  6  7  8 |
---------------+-------------------------+-----
Dodging        | 3 |  3.6
Axes           | 4 5 6 7 8 |  8.9
Armour         | 3 4 5 6 8 |  8.0
Fighting       | |  2.6

Action                   |  1- 3 |  4- 6 |  7- 9 || total
-------------------------+-------+-------+-------++-------
Melee: Hand axe          |   133 |   172 |       ||   305
       War axe           |       |    62 |   129 ||   191
Throw: Stone             |       |     3 |     4 ||     7
Invok: Berserk           |     1 |     4 |     4 ||     9
       Trog's Hand       |       |     4 |     3 ||     7
       Burn Spellbooks   |       |       |     1 ||     1
 Stab: Sleeping          |     2 |       |       ||     2
  Eat: Chunk             |     1 |    11 |     6 ||    18
       Ration            |       |       |     1 ||     1
Armor: Animal skin       |    37 |       |       ||    37
       Chain mail        |     3 |   141 |    90 ||   234
Dodge: Dodged            |   108 |   122 |    81 ||   311
